 Dungeon Crawl Stone Soup version 0.28-b1-25-g9875b3fc8c (webtiles) character file.

Game seed: 10622467827147070583

60 inmateoo the Ruffian (level 3, -2/31 HPs)
             Began as a Palentonga Monk on Feb 5, 2022.
             Slain by Terence (8 damage)
             ... on level 2 of the Dungeon.
             The game lasted 00:01:42 (1481 turns).

inmateoo the Ruffian (Palentonga Monk)              Turns: 1481, Time: 00:01:42

Health: -2/31      AC:  7    Str: 16    XL:     3   Next: 80%
Magic:  3/3        EV:  8    Int: 10    God:
Gold:   35         SH:  0    Dex: 12    Spells: 2/2 levels left

rFire   . . .      SeeInvis +     - Unarmed
rCold   . . .      Faith    .   (no shield)
rNeg    . . .      Spirit   .   c - +0 scale mail
rPois   .          Reflect  .   e - +0 helmet
rElec   .          Harm     .   (no cloak)
rCorr   .          Rampage  .   (no gloves)
Will    .....                   (no barding)
Stlth   ..........              (no amulet)
HPRegen 0.10/turn               (no ring)
MPRegen 0.08/turn               (no ring)

@: no status effects
A: large, rugged brown scales 3, see invisible, deformed body, roll 1, armoured
tail
a: Rolling Charge


You were on level 2 of the Dungeon.
You visited 1 branch of the dungeon, and saw 2 of its levels.

You collected 35 gold pieces.

Inventory:

Armour
 c - a +0 scale mail (worn)
 e - a +0 helmet (worn)
Scrolls
 a - a scroll of immolation {unknown}
 d - a scroll of fear {unknown}
 f - a scroll of blinking {unknown}
Potions
 b - a potion of heal wounds {unknown}


   Skills:
 + Level 3.4 Fighting
 + Level 0.3 Armour
 - Level 2.4 Dodging
 - Level 1.2 Stealth
 * Level 4.3 Unarmed Combat


You had 2 spell levels left.
You didn't know any spells.
Your spell library was empty.

Dungeon Overview and Level Annotations

Branches:
Dungeon (2/15)

Altars:

Shops:
D:2 (

Annotations:
D:2 Terence


Innate Abilities, Weirdness & Mutations

You are completely covered in rugged brown scales. (AC +3, +7% HP)
You have supernaturally acute eyesight. (SInv)
Armour fits poorly on your strangely shaped body.
You can roll at nearby foes to attack.
You have a long armoured tail.


Message History

Terence barely misses you.
You hit Terence but do no damage.
Your tail-slap misses Terence.
Terence is lightly wounded.
Terence hits you with a +0 mace of protection.
You hit Terence.
Terence is heavily wounded.
Terence hits you but does no damage.
You barely miss Terence.
Terence is heavily wounded.
Terence shouts, "Now you die!"
Terence hits you with a +0 mace of protection.
You hit Terence.
Terence is heavily wounded.
Terence barely misses you.
You hit Terence but do no damage.
Terence is heavily wounded.
Terence misses you.
You hit Terence but do no damage. You tail-slap Terence.
Terence is severely wounded.
Terence hits you but does no damage.
You barely miss Terence.
Terence is severely wounded.
Terence hits you with a +0 mace of protection.
You hit Terence.
Terence is severely wounded.
Terence hits you but does no damage.
You hit Terence but do no damage.
Terence is severely wounded.
Terence hits you with a +0 mace of protection.
You barely miss Terence.
Terence is severely wounded.
Terence hits you with a +0 mace of protection!
* * * LOW HITPOINT WARNING * * *
You are too injured to fight recklessly!
You barely miss Terence.
Terence is severely wounded.
You hit Terence.
Terence is severely wounded.
Terence hits you with a +0 mace of protection!
You die...

......##...# ##.
#..#.##...# #.. ##.#.##.†.#
#.. .....##...### #..
#.#........######..
#.#........#.......
###.#........#.....).
#######..$#........#.......
#.........@........#.......
#.........@........#.......
#..................#.......
#..................#.......
##....#'###..∩.....#.......
#.##@#. #........# #.#..#
#.......) # #).# .......
#<.#


You could see Terence.

Vanquished Creatures
  3 gnolls
  An adder (D:2)
  2 endoplasms
  A giant cockroach (D:2)
  A goblin (D:1)
  A hobgoblin (D:1)
  2 quokkas (D:1)
  2 ball pythons
  3 bats
  3 frilled lizards
  3 kobolds
  3 rats
25 creatures vanquished.

Notes
Turn   | Place    | Note
-------+----------+-------------------------------------------
     0 | D:1      | inmateoo the Palentonga Monk began the quest for the Orb.
     0 | D:1      | Reached XP level 1. HP: 19/19 MP: 1/1
   319 | D:1      | Reached XP level 2. HP: 25/25 MP: 2/2
   464 | D:1      | Found a faded altar of an unknown god.
   785 | D:2      | Noticed Terence
   963 | D:1      | Reached XP level 3. HP: 20/31 MP: 3/3
  1071 | D:2      | Reached skill level 4 in Unarmed Combat
  1461 | D:2      | Found Xovaus's Weapon Boutique.
  1481 | D:2      | Slain by Terence

Illustrated notes

Levels and vault maps discovered:
D:1:      evilmike_arrival_plus, layout_loops_cross,
          shapermc_ecumenical_altar_venn, feat_on_display
D:2:      minmay_roachtagon, layout_basic, serial_shops, shop, uniq_terence

Skill      XL: |  1  2  3 |
---------------+----------+-----
Unarmed Combat | 4 |  4.3
Fighting       | |  3.4
Armour         | |  0.3
Dodging        | |  2.4
Stealth        | |  1.2

Action                   || total
-------------------------++-------
Melee: Unarmed           ||    78
       Tailslap          ||    13
       Punch             ||     1
 Abil: Rolling Charge    ||    15
Armor: Robe              ||     1
       Scale mail        ||    19
Dodge: Dodged            ||    19
